 Dungeon Crawl Stone Soup version 0.29-a0-320-g9f8742066b (webtiles) character file.

Game seed: 8676813814717905240

1017 sammy202020 the Skirmisher (level 8, -4/64 HPs)
             Began as a Demonspawn Berserker on Apr 2, 2022.
             Was a Believer of Trog.
             Slain by a yak (7 damage)
             ... on level 6 of the Dungeon.
             The game lasted 00:08:35 (6398 turns).

sammy202020 the Skirmisher (Demonspawn Berserker)   Turns: 6398, Time: 00:08:36

Health: -4/64      AC: 13    Str: 17    XL:     8   Next: 1%
Magic:  8/8        EV:  6    Int: 11    God:    Trog [**....]
Gold:   1240       SH:  0    Dex: 13    Spells: 7/7 levels left

rFire   + . .      SeeInvis .   a - +0 hand axe
rCold   . . .      Faith    .   (no shield)
rNeg    . . .      Spirit   .   l - +1 plate armour
rPois   .          Reflect  .   (helmet restricted)
rElec   .          Harm     .   (no cloak)
rCorr   .          Rampage  .   (no gloves)
Will    +++..                   (no boots)
Stlth   ..........              (no amulet)
HPRegen 1.20/turn               d - ring of willpower
MPRegen 0.11/turn               g - ring of protection from fire

@: strong-willed, on berserk cooldown, regenerating, slowed, studying Dodging,
very slow
A: antennae 1, demonic guardian 1, demonic magic 1, demonic touch 1
a: Renounce Religion, Berserk, Trog's Hand


You were on level 6 of the Dungeon.
You worshipped Trog.
Trog was pleased with you.
You visited 1 branch of the dungeon, and saw 6 of its levels.

You collected 1240 gold pieces.

Inventory:

Hand Weapons
 a - a +0 hand axe (weapon)
 j - a +0 mace
 n - a +0 flail
 o - the +3 rapier of Ytivvok {venom, rElec Will- Str+3 Int+4}
   (You found it on level 4 of the Dungeon)

   It poisons the flesh of those it strikes.
   Str:       It affects your strength (+3).
   Int:       It affects your intelligence (+4).
   rElec:     It insulates you from electricity.
   Will:      It decreases your willpower.
 p - a +0 dagger
Armour
 l - a +1 plate armour (worn)
Jewellery
 d - a ring of willpower (left hand)
 g - a ring of protection from fire (right hand)
 h - a +4 ring of protection
 r - a +4 ring of protection
Wands
 m - a wand of flame (18)
 v - a wand of paralysis (13)
Scrolls
 c - 2 scrolls of identify
 q - a scroll of silence {unknown}
 u - a scroll of fear {unknown}
 w - a scroll of enchant weapon {unknown}
Potions
 b - a potion of attraction
 f - a potion of invisibility
 i - 2 potions of brilliance
 k - a potion of heal wounds
 s - a potion of flight {unknown}
 t - a potion of curing {unknown}
 x - a potion of berserk rage {unknown}
 z - a potion of magic {unknown}
Miscellaneous
 y - a phantom mirror


   Skills:
 * Level 5.7 Fighting
 * Level 5.1 Axes
 * Level 4.7 Armour
 + Level 4.1 Dodging
 + Level 1.0 Evocations


You had 7 spell levels left.
You didn't know any spells.
Your spell library was empty.

Dungeon Overview and Level Annotations

Branches:
Dungeon (6/15)             Temple (0/1) D:4

Altars:


Innate Abilities, Weirdness & Mutations

You have a pair of small antennae on your head.
A weak demonic guardian rushes to your aid.
Spells you cast may paralyse adjacent enemies.
Your touch may inflict minor irresistible damage on your foes.


Message History

Your Dodging skill increases to level 4!
Your Evocations skill increases to level 1!
You have reached level 8!
You feel agile. The yak gores you!
* * * LOW HITPOINT WARNING * * *
Things that are here:
a yak corpse; a yak corpse You completely miss the yak.
Your skin stops crawling.
You feel less strong-willed. The yak barely misses you.
You slash the yak!
The yak is moderately wounded.
You swap places.
The yak gores your iron imp but does no damage.
A yak is nearby!
A yak is nearby!
You feel a strong urge to attack something.
The yak barely misses your iron imp.
Your iron imp hits the yak!
The yak closely misses your iron imp.
You feel your anger nearly subside.
You are no longer berserk.
You are exhausted.
You feel yourself slow down.
Your iron imp barely misses the yak.
The yak gores your iron imp but does no damage.
Your iron imp hits the yak.
The yak gores your iron imp!
Your iron imp closely misses the yak.
The yak barely misses your iron imp. The yak gores your iron imp.
Your iron imp hits the yak but does no damage.
The yak gores your iron imp!
Your iron imp dies!
Your iron imp disappears in a puff of smoke!
The yak bellows!
Your skin crawls.
You feel strong-willed.
You hit the yak.
The yak is heavily wounded.
The yak gores you.
* * * LOW HITPOINT WARNING * * *
A demonic guardian appears!
The yak gores you!
You die...

#......#
#......#
#......#
#......#
+......#
#......#
#......#
####+#Y.....#
#...5@######..
#.....#
#.....#
#.....#
#+#.....#
........#
........#
........#
........#


You could see a yak (ally target) and a friendly shadow imp (summoned).

Vanquished Creatures
  2 yaks (D:6)
  An ogre (D:4)
  2 scorpions
  2 orc priests
  5 iguanas
  5 orc wizards
  Robin (D:4)
  8 adders
  A worm (D:5)
  3 dart slugs
  13 orcs
  2 ball pythons
  An endoplasm (D:3)
  4 giant cockroaches
  14 goblins
  8 hobgoblins
  10 kobolds
  4 quokkas
  6 bats
  A frilled lizard (D:1)
  9 rats
102 creatures vanquished.

Vanquished Creatures (collateral kills)
  An orc priest (D:5)
1 creature vanquished.

Grand Total: 103 creatures vanquished

Notes
Turn   | Place    | Note
-------+----------+-------------------------------------------
     0 | D:1      | sammy202020 the Demonspawn Berserker began the quest for
                  | the Orb.
     0 | D:1      | Reached XP level 1. HP: 18/18 MP: 1/1
   454 | D:1      | Gained mutation: Spells you cast may paralyse adjacent
                  | enemies. [demonic ancestry]
   454 | D:1      | Reached XP level 2. HP: 19/24 MP: 2/2
  2060 | D:2      | Gained mutation: A weak demonic guardian rushes to your
                  | aid. [demonic ancestry]
  2060 | D:2      | Reached XP level 3. HP: 26/29 MP: 3/3
  2726 | D:3      | Discovered your monstrous ancestry.
  2726 | D:3      | Gained mutation: Your touch may inflict minor irresistible
                  | damage on your foes. [demonic ancestry]
  2726 | D:3      | Reached XP level 4. HP: 21/37 MP: 4/4
  3252 | D:3      | Reached ** piety under Trog
  4395 | D:4      | Reached XP level 5. HP: 22/42 MP: 5/5
  4506 | D:4      | Noticed an ogre
  4516 | D:4      | Killed an ogre
  4538 | D:4      | Identified the +3 rapier of Ytivvok {venom, rElec Will-
                  | Str+3 Int+4}
  4674 | D:4      | Noticed Robin
  4684 | D:4      | Killed Robin
  4728 | D:4      | Gained mutation: You have a pair of small antennae on your
                  | head. [demonic ancestry]
  4728 | D:4      | Reached XP level 6. HP: 14/49 MP: 6/6
  5104 | D:4      | Found a staircase to the Ecumenical Temple.
  5313 | D:4      | Identified 2 scrolls of acquirement
  5313 | D:4      | Acquired a manual of Dodging
  5349 | D:5      | Entered Level 5 of the Dungeon
  5410 | D:4      | Reached XP level 7. HP: 16/55 MP: 7/7
  5603 | D:5      | Reached skill level 5 in Fighting
  6291 | D:5      | Acquired 1004 gold pieces
  6362 | D:6      | Noticed a yak
  6362 | D:6      | Noticed a yak
  6363 | D:6      | Noticed a yak
  6374 | D:6      | Killed a yak
  6375 | D:6      | Reached skill level 5 in Axes
  6386 | D:6      | Killed a yak
  6387 | D:6      | Reached skill level 1 in Evocations
  6387 | D:6      | Reached XP level 8. HP: 15/64 MP: 8/8
  6387 | D:6      | HP: 3/96 [yak (13)]
  6398 | D:6      | HP: 3/64 [yak (4)]
  6398 | D:6      | Slain by a yak

Illustrated notes

Levels and vault maps discovered:
D:1:      matt_arrival_refuge, layout_basic
D:2:      layout_basic, st_stairs_6
D:3:      layout_basic
D:4:      layout_rooms, minmay_temple_entry_arrows, grunt_decor_mini_mirrors,
          uniq_robin
D:5:      layout_cave_pools, gup_sewer_entry_bubbles, minivault_5
D:6:      layout_gridville, minmay_hollow_rounded_squares

Skill      XL: |  1  2  3  4  5  6  7 |
---------------+----------------------+-----
Armour         | 2 3 4 |  4.7
Dodging        | 2 3 4 |  4.1
Axes           | 3 4 5 |  5.1
Fighting       | 4 5 |  5.7
Evocations     | 1 |  1.0

Action                   |  1- 3 |  4- 6 |  7- 9 || total
-------------------------+-------+-------+-------++-------
Melee: Hand axe          |   158 |   202 |    44 ||   404
       Touch             |       |    26 |     8 ||    34
       Punch             |       |     1 |       ||     1
Invok: Berserk           |     2 |     3 |     2 ||     7
       Trog's Hand       |       |     5 |     3 ||     8
  Use: Potion            |     2 |       |       ||     2
       Scroll            |       |     5 |     2 ||     7
 Stab: Invisible         |     2 |     1 |       ||     3
Armor: Animal skin       |    12 |       |       ||    12
       Plate armour      |    72 |   165 |    27 ||   264
       Leather armour    |     7 |       |       ||     7
Dodge: Dodged            |    75 |    52 |    15 ||   142

Table legend: (Time is in decaauts)
 A = Elapsed time spent in this place.
 B = Non-inter-level travel time spent in this place.
 C = Inter-level travel time spent in this place.
 D = Time resting spent in this place.
 E = Time spent auto-exploring this place.
 F = Levels seen in this place.
 G = Mean time per level.
                   A        B        C        D        E       F      G
               +--------+--------+--------+--------+--------+-----+--------+
         Total |   6523 |   6463 |     60 |    537 |   4730 |   6 | 1087.2 |
       Dungeon |   6523 |   6463 |     60 |    537 |   4730 |   6 | 1087.2 |
               +--------+--------+--------+--------+--------+-----+--------+

Top non-repeatable levels by time:
     D:3: 1795 daAuts
     D:2: 1535 daAuts
     D:4: 1208 daAuts
     D:1: 1082 daAuts
     D:5: 853 daAuts
     D:6: 48 daAuts
